NCAA
SOUTH CAROLINA GAMECOCKS @ CINCINNATI BEARCATS
05/23/2028
 
TOP OF THE 1ST
South Carolina Gamecocks batting - Pitching for Cincinnati Bearcats : RHP Stan Roberts
Pitching: RHP Stan Roberts
Batting: RHB Luis Mercado 0-0: Ball
1-0: Ball
2-0: Ball
3-0: Foul Ball, location: 2F
3-1: Base on Balls
Batting: RHB José Maldonado 0-0: Foul Ball, location: 2F
0-1: Ball
1-1: Ball
2-1: Called Strike
2-2: Ball
3-2: Strikes out swinging
Batting: RHB John Lindsey 0-0: Ball
1-0: Ground out 4-3 (Groundball, 4MS)
Luis Mercado to second
Batting: RHB Rob DeWitt 0-0: Ball
1-0: Foul Ball, location: 2F
1-1: Swinging Strike
1-2: Foul Ball, location: 2F
1-2: Foul Ball, location: 2F
1-2: Foul Ball, location: 2F
1-2: Foul Ball, location: 2F
1-2: Ball
2-2: Ball
3-2: Foul Ball, location: 2F
3-2: Strikes out looking
Top of the 1st over - 0 run(s), 0 hit(s), 0 error(s), 1 left on base; South Carolina 0 - Cincinnati 0
BOTTOM OF THE 1ST
Cincinnati Bearcats batting - Pitching for South Carolina Gamecocks : RHP Miguel Martínez
Pitching: RHP Miguel Martínez
Batting: RHB Phil Poole 0-0: Called Strike
0-1: Called Strike
0-2: Ball
1-2: Foul Ball, location: 2F
1-2: Ball
2-2: Strikes out swinging
Batting: SHB Pete Potter 0-0: Called Strike
0-1: Foul Ball, location: 2F
0-2: Strikes out swinging
Batting: LHB Caleb Ruíz 0-0: Called Strike
0-1: Ball
1-1: Ball
2-1: Called Strike
2-2: Ball
3-2: Foul Ball, location: 2F
3-2: Foul Ball, location: 2F
3-2: Base on Balls
Batting: SHB Miguel Price 0-0: Foul Ball, location: 2F
0-1: Foul Ball, location: 2F
0-2: Foul Ball, location: 2F
0-2: Foul Ball, location: 2F
0-2: 2-RUN HOME RUN (Flyball, 9LD), Distance : 330 ft
Batting: RHB Craig Porter 0-0: Foul Ball, location: 2F
0-1: Ball
1-1: Ball
2-1: Fly out, F7 (Flyball, 78M)
Bottom of the 1st over - 2 run(s), 1 hit(s), 0 error(s), 0 left on base; South Carolina 0 - Cincinnati 2
TOP OF THE 2ND
South Carolina Gamecocks batting - Pitching for Cincinnati Bearcats : RHP Stan Roberts
Batting: SHB Darrel Wise 0-0: Ball
1-0: Foul Ball, location: 2F
1-1: Foul Ball, location: 2F
1-2: Foul Ball, location: 2F
1-2: Foul Ball, location: 2F
1-2: Foul Ball, location: 2F
1-2: Foul Ball, location: 2F
1-2: Ball
2-2: Strikes out swinging
Batting: RHB Edward Green 0-0: Ground out 6-3 (Groundball, 6)
Batting: RHB Ryan Campbell 0-0: Ball
1-0: Ball
2-0: Called Strike
2-1: Ball
3-1: Base on Balls
Batting: LHB Gilberto Ortíz 0-0: Called Strike
0-1: Called Strike
0-2: Strikes out looking
Top of the 2nd over - 0 run(s), 0 hit(s), 0 error(s), 1 left on base; South Carolina 0 - Cincinnati 2
BOTTOM OF THE 2ND
Cincinnati Bearcats batting - Pitching for South Carolina Gamecocks : RHP Miguel Martínez
Batting: RHB Ron Moore 0-0: Ball
1-0: Ground out 5-3 (Groundball, 5L)
Batting: RHB Larry O'Sheill 0-0: Ball
1-0: Ball
2-0: Swinging Strike
2-1: Ball
3-1: Ground out U3 (Groundball, 34S)
Batting: LHB Lee Price 0-0: Fly out, F7 (Line Drive, 78M)
Bottom of the 2nd over - 0 run(s), 0 hit(s), 0 error(s), 0 left on base; South Carolina 0 - Cincinnati 2
TOP OF THE 3RD
South Carolina Gamecocks batting - Pitching for Cincinnati Bearcats : RHP Stan Roberts
Batting: RHB Earl Davis 0-0: Foul Ball, location: 2F
0-1: Ball
1-1: Foul Ball, location: 2F
1-2: SOLO HOME RUN (Flyball, 7D), Distance : 355 ft
Batting: RHB Luis Mercado 0-0: Ball
1-0: Called Strike
1-1: Foul Ball, location: 2F
1-2: Strikes out swinging
Batting: RHB José Maldonado 0-0: Ground out 5-3 (Groundball, 5)
Batting: RHB John Lindsey 0-0: Called Strike
0-1: Ball
1-1: Ground out U3 (Groundball, 34)
Top of the 3rd over - 1 run(s), 1 hit(s), 0 error(s), 0 left on base; South Carolina 1 - Cincinnati 2
BOTTOM OF THE 3RD
Cincinnati Bearcats batting - Pitching for South Carolina Gamecocks : RHP Miguel Martínez
Batting: RHB Ralph Summers 0-0: Ball
1-0: Ball
2-0: Called Strike
2-1: Ground out 5-3 (Groundball, 56)
Batting: RHB Phil Poole 0-0: Called Strike
0-1: Swinging Strike
0-2: Ground out U3 (Groundball, 3)
Batting: SHB Pete Potter 0-0: Ground out 6-3 (Groundball, 6)
Bottom of the 3rd over - 0 run(s), 0 hit(s), 0 error(s), 0 left on base; South Carolina 1 - Cincinnati 2
TOP OF THE 4TH
South Carolina Gamecocks batting - Pitching for Cincinnati Bearcats : RHP Stan Roberts
Batting: RHB Rob DeWitt 0-0: Fly out, F9 (Flyball, 9)
Batting: SHB Darrel Wise 0-0: Ball
1-0: Foul Ball, location: 2F
1-1: Called Strike
1-2: Ball
2-2: Ball
3-2: Fly out, F8 (Flyball, 8LM)
Batting: RHB Edward Green 0-0: Ball
1-0: SINGLE (Flyball, 89S)
Batting: RHB Ryan Campbell 0-0: Ball
1-0: Called Strike
1-1: Foul Ball, location: 2F
1-2: Strikes out swinging
Top of the 4th over - 0 run(s), 1 hit(s), 0 error(s), 1 left on base; South Carolina 1 - Cincinnati 2
BOTTOM OF THE 4TH
Cincinnati Bearcats batting - Pitching for South Carolina Gamecocks : RHP Miguel Martínez
Batting: LHB Caleb Ruíz 0-0: Ball
1-0: Ball
2-0: Ball
3-0: Swinging Strike
3-1: Called Strike
3-2: Base on Balls
Batting: SHB Miguel Price 0-0: Called Strike
0-1: Ball
1-1: Ball
2-1: Fly out, F9 (Flyball, 89S)
Batting: RHB Craig Porter 0-0: Fly out, F9 (Line Drive, 9)
Batting: RHB Ron Moore 0-0: Fly out, F8 (Flyball, 89D)
Bottom of the 4th over - 0 run(s), 0 hit(s), 0 error(s), 1 left on base; South Carolina 1 - Cincinnati 2
TOP OF THE 5TH
South Carolina Gamecocks batting - Pitching for Cincinnati Bearcats : RHP Stan Roberts
Batting: LHB Gilberto Ortíz 0-0: Called Strike
0-1: Foul Ball, location: 2F
0-2: Foul Ball, location: 2F
0-2: Fly out, F8 (Flyball, 8RM)
Batting: RHB Earl Davis 0-0: Ball
1-0: SINGLE (Line Drive, 89S)
Batting: RHB Luis Mercado 0-0: Ball
1-0: Grounds into double play, 6-4-3 (Groundball, 6)
Top of the 5th over - 0 run(s), 1 hit(s), 0 error(s), 0 left on base; South Carolina 1 - Cincinnati 2
BOTTOM OF THE 5TH
Cincinnati Bearcats batting - Pitching for South Carolina Gamecocks : RHP Miguel Martínez
Batting: RHB Larry O'Sheill 0-0: Ball
1-0: Ball
2-0: Foul Ball, location: 2F
2-1: Foul Ball, location: 2F
2-2: Ball
3-2: Foul Ball, location: 2F
3-2: Hit by Pitch
Batting: LHB Lee Price 0-0: Ball
1-0: Called Strike
1-1: Ball
2-1: Ball
3-1: Fly out, F7 (Flyball, 7S)
Batting: RHB Ralph Summers 0-0: Ball
1-0: Swinging Strike
1-1: Ball
2-1: Ball
3-1: Fly out, F6 (Line Drive, 6)
Batting: RHB Phil Poole 0-0: Swinging Strike
0-1: Ball
1-1: Ball
2-1: Foul Ball, location: 2F
2-2: Fielders Choice at 2nd, 6-4 (Groundball, 6)
Bottom of the 5th over - 0 run(s), 0 hit(s), 0 error(s), 0 left on base; South Carolina 1 - Cincinnati 2
TOP OF THE 6TH
South Carolina Gamecocks batting - Pitching for Cincinnati Bearcats : RHP Stan Roberts
Batting: RHB José Maldonado 0-0: Swinging Strike
0-1: Ball
1-1: Ball
2-1: Ball
3-1: Called Strike
3-2: Foul Ball, location: 2F
3-2: Foul Ball, location: 2F
3-2: Foul Ball, location: 2F
3-2: Strikes out swinging
Pitching: RHP George Gallagher
Batting: RHB John Lindsey 0-0: Swinging Strike
0-1: Ball
1-1: Swinging Strike
1-2: Foul Ball, location: 2F
1-2: Ball
2-2: Strikes out swinging
Batting: RHB Rob DeWitt 0-0: Ball
1-0: Ball
2-0: Called Strike
2-1: Ball
3-1: Foul Ball, location: 2F
3-2: Base on Balls
Batting: SHB Darrel Wise 0-0: Ground out 6-3 (Groundball, 6S)
Top of the 6th over - 0 run(s), 0 hit(s), 0 error(s), 1 left on base; South Carolina 1 - Cincinnati 2
BOTTOM OF THE 6TH
Cincinnati Bearcats batting - Pitching for South Carolina Gamecocks : RHP Miguel Martínez
Batting: SHB Pete Potter 0-0: Foul Ball, location: 2F
0-1: Ball
1-1: Foul Ball, location: 2F
1-2: Ball
2-2: Ground out 3-1 (Groundball, 34)
Pitching: RHP Floyd Carson
Batting: LHB Caleb Ruíz 0-0: Ball
1-0: Ball
2-0: Ball
3-0: Called Strike
3-1: Swinging Strike
3-2: Ground out 4-3 (Groundball, 34)
Batting: SHB Miguel Price 0-0: Ball
1-0: Ball
2-0: DOUBLE (Line Drive, 78M)
Batting: RHB Craig Porter 0-0: Ball
1-0: Called Strike
1-1: Ball
2-1: Swinging Strike
2-2: DOUBLE (Line Drive, 7LM)
Miguel Price scores
Batting: RHB Ron Moore 0-0: Ball
1-0: Foul Ball, location: 2F
1-1: Ball
2-1: Ball
3-1: Base on Balls
Batting: RHB Larry O'Sheill 0-0: Called Strike
0-1: Foul Ball, location: 2F
0-2: Ball
1-2: Ball
2-2: Foul Ball, location: 2F
2-2: Foul Ball, location: 2F
2-2: Ball
3-2: Ground out 5-3 (Groundball, 56S)
Bottom of the 6th over - 1 run(s), 2 hit(s), 0 error(s), 2 left on base; South Carolina 1 - Cincinnati 3
TOP OF THE 7TH
South Carolina Gamecocks batting - Pitching for Cincinnati Bearcats : RHP George Gallagher
Batting: RHB Edward Green 0-0: Called Strike
0-1: Swinging Strike
0-2: Ball
1-2: Foul Ball, location: 2F
1-2: Ball
2-2: Strikes out swinging
Batting: RHB Ryan Campbell 0-0: Swinging Strike
0-1: Ball
1-1: SINGLE (Groundball, 6MD)
Batting: LHB Gilberto Ortíz 0-0: Foul Ball, location: 2F
0-1: Ball
1-1: SINGLE (Groundball, 4D)
Ryan Campbell to second
Runner from 2nd tries for 3rd, SAFE, throw made to third
Batting: RHB Earl Davis 0-0: Called Strike
0-1: Swinging Strike
0-2: Strikes out looking
Batting: RHB Luis Mercado 0-0: Ball
1-0: Swinging Strike
1-1: Swinging Strike
1-2: Strikes out looking
Top of the 7th over - 0 run(s), 2 hit(s), 0 error(s), 2 left on base; South Carolina 1 - Cincinnati 3
BOTTOM OF THE 7TH
Cincinnati Bearcats batting - Pitching for South Carolina Gamecocks : RHP Floyd Carson
Batting: LHB Lee Price 0-0: Ball
1-0: Called Strike
1-1: Ball
2-1: Ball
3-1: Fly out, F9 (Flyball, 9LSF)
Batting: RHB Ralph Summers 0-0: Called Strike
0-1: Ball
1-1: Ball
2-1: TRIPLE (Line Drive, 8LM)
Batting: RHB Phil Poole 0-0: Called Strike
0-1: 2-RUN HOME RUN (Flyball, 7D), Distance : 342 ft
Pitching: RHP Matt West
Batting: SHB Pete Potter 0-0: Ball
1-0: Called Strike
1-1: Called Strike
1-2: Foul Ball, location: 2F
1-2: Strikes out looking
Batting: LHB Caleb Ruíz 0-0: Foul Ball, location: 2F
0-1: Ball
1-1: Called Strike
1-2: Ball
2-2: Foul Ball, location: 2F
2-2: Ball
3-2: Foul Ball, location: 2F
3-2: Base on Balls
Batting: SHB Miguel Price 0-0: Called Strike
0-1: Foul Ball, location: 2F
0-2: 2-RUN HOME RUN (Flyball, 8LXD), Distance : 411 ft
Batting: RHB Craig Porter 0-0: Ball
1-0: Ball
2-0: Called Strike
2-1: Foul Ball, location: 2F
2-2: Foul Ball, location: 2F
2-2: Foul Ball, location: 2F
2-2: Foul Ball, location: 2F
2-2: Ball
3-2: Foul Ball, location: 2F
3-2: Base on Balls
Batting: RHB Ron Moore 0-0: Ball
1-0: Ball
2-0: Ball
3-0: Called Strike
3-1: Foul Ball, location: 2F
3-2: Base on Balls
Craig Porter to second
Batting: RHB Larry O'Sheill 0-0: Foul Ball, location: 2F
0-1: Ball
1-1: Ball
2-1: Ball
3-1: Swinging Strike
3-2: Foul Ball, location: 2F
3-2: Foul Ball, location: 2F
3-2: Foul Ball, location: 2F
3-2: Foul Ball, location: 2F
3-2: Base on Balls
Craig Porter to third
Ron Moore to second
Batting: LHB Lee Price 0-0: Foul Ball, location: 2F
0-1: Ball
1-1: Called Strike
1-2: Ball
2-2: Foul Ball, location: 2F
2-2: SINGLE (Line Drive, 4D)
Craig Porter scores
Ron Moore to third
Larry O'Sheill to second
Runner from 3rd tries for Home, SAFE, no throw
Pitching: RHP Leslie Simpson
Batting: RHB Ralph Summers 0-0: Foul Ball, location: 2F
0-1: Ball
1-1: Swinging Strike
1-2: Ball
2-2: Foul Ball, location: 2F
2-2: SINGLE (Line Drive, 78S)
Larry O'Sheill to third
Lee Price to second
Runner from 3rd tries for Home, SAFE, no throw
Batting: RHB Phil Poole 0-0: Ball
1-0: Ball
2-0: SINGLE (Flyball, 9S)
Lee Price to third
Ralph Summers to second
Runner from 3rd tries for Home, SAFE, no throw
Batting: SHB Pete Potter 0-0: Ball
1-0: Ball
2-0: Called Strike
2-1: Foul Ball, location: 2F
2-2: Ball
3-2: Strikes out swinging
Bottom of the 7th over - 8 run(s), 6 hit(s), 0 error(s), 2 left on base; South Carolina 1 - Cincinnati 11
TOP OF THE 8TH
South Carolina Gamecocks batting - Pitching for Cincinnati Bearcats : RHP George Gallagher
Batting: RHB José Maldonado 0-0: Foul Ball, location: 2F
0-1: Ball
1-1: Ground out 6-3 (Groundball, 6)
Batting: RHB John Lindsey 0-0: Ball
1-0: SINGLE (Groundball, 4D)
Batting: RHB Rob DeWitt 0-0: Ball
1-0: Called Strike
1-1: Called Strike
1-2: Strikes out swinging
Batting: SHB Darrel Wise 0-0: Ball
1-0: Ball
2-0: Swinging Strike
2-1: Swinging Strike
2-2: Ball
3-2: Foul Ball, location: 2F
3-2: Strikes out swinging
Top of the 8th over - 0 run(s), 1 hit(s), 0 error(s), 1 left on base; South Carolina 1 - Cincinnati 11
BOTTOM OF THE 8TH
Cincinnati Bearcats batting - Pitching for South Carolina Gamecocks : RHP Leslie Simpson
Batting: LHB Caleb Ruíz 0-0: Ball
1-0: Ball
2-0: Called Strike
2-1: Foul Ball, location: 2F
2-2: Foul Ball, location: 2F
2-2: Ball
3-2: Strikes out swinging, 2-3 out at first.
Batting: SHB Miguel Price 0-0: Ball
1-0: Ball
2-0: Ball
3-0: Called Strike
3-1: Foul Ball, location: 2F
3-2: Base on Balls
Batting: RHB Craig Porter 0-0: Called Strike
0-1: Foul Ball, location: 2F
0-2: Ball
1-2: Strikes out swinging
Batting: RHB Ron Moore 0-0: Ball
1-0: Called Strike
1-1: Ball
2-1: Foul Ball, location: 2F
2-2: Foul Ball, location: 2F
2-2: Ball
Miguel Price is caught stealing 2nd base
Bottom of the 8th over - 0 run(s), 0 hit(s), 0 error(s), 0 left on base; South Carolina 1 - Cincinnati 11
TOP OF THE 9TH
South Carolina Gamecocks batting - Pitching for Cincinnati Bearcats : RHP George Gallagher
Now at C: Kevin Nelson
Batting: RHB Edward Green 0-0: Swinging Strike
0-1: Swinging Strike
0-2: Strikes out looking
Pitching: RHP Wayne Foster
Batting: RHB Ryan Campbell 0-0: Called Strike
0-1: Called Strike
0-2: Strikes out swinging
Batting: LHB Gilberto Ortíz 0-0: Ground out 4-3 (Groundball, 4)
Top of the 9th over - 0 run(s), 0 hit(s), 0 error(s), 0 left on base; South Carolina 1 - Cincinnati 11
Tuesday, August 8th, 2017 - OOTP Baseball 17.12 Build 75